 Dungeon Crawl Stone Soup version 0.32-a0-43-g058985b245 (webtiles) character file.

Game seed: 5708700387815934060

130 drugrobin the Sneak (level 4, -12/37 HPs)
             Began as a Demigod Delver on Feb 4, 2024.
             Mangled by a gnoll
             ... wielding a +0 halberd
              (14 damage)
             ... on level 4 of the Dungeon.
             The game lasted 00:07:39 (2470 turns).

drugrobin the Sneak (Demigod Delver)                Turns: 2470, Time: 00:07:40

Health: -12/37     AC: 10    Str: 17    XL:     4   Next: 59%
Magic:  6/6        EV:  7    Int: 12    God:
Gold:   79         SH:  4    Dex: 15    Spells: 1/3 levels left

rFire   . . .        a - +0 mace
rCold   . . .        k - +0 buckler
rNeg    . . .        h - +0 chain mail
rPois   .            m - +1 helmet
rElec   .            n - scarf {harm}
rCorr   .            (no gloves)
SInv    .            (no boots)
Will    .....        (no amulet) Stlth
                     (no ring)
HPRegen 0.26/turn    (no ring)
MPRegen 0.10/turn

%: harm (+30% outgoing, +20% incoming)
@: no status effects
A: high MP 1, forlorn, divine attributes
a: no special abilities


You were on level 4 of the Dungeon.
You visited 1 branch of the dungeon, and saw 5 of its levels.

You collected 79 gold pieces.

Inventory:

Hand Weapons
 a - a +0 mace (weapon)
 b - a +0 sling
Missiles
 s - 5 javelins (quivered)
Armour
 h - a +0 chain mail (worn)
 k - a +0 buckler (worn)
 l - a +0 leather armour
 m - a +1 helmet (worn)
 n - a scarf of harm (worn)
Wands
 d - a wand of flame (22)
 t - a wand of polymorph (15)
Scrolls
 c - a scroll of fog
 e - a scroll of noise {unknown}
 g - 4 scrolls of identify {unknown}
 i - a scroll of teleportation {unknown}
 p - a scroll of immolation {unknown}
 q - a scroll of revelation
Potions
 f - a potion of haste
 j - a potion of cancellation {unknown}
 o - 3 potions of degeneration {unknown}
 r - a potion of heal wounds {unknown}


   Skills:
 - Level 2.6 Fighting
 + Level 3.5 Maces & Flails
 - Level 1.7 Dodging
 - Level 4.5 Stealth
 + Level 2.8 Evocations


You had one spell level left.
You knew the following spells:

 Your Spells              Type           Power      Damage    Failure   Level
a - Blink                 Tloc           0%         N/A       100%        2

Your spell library contained the following spells:

 Spells                   Type           Power      Damage    Failure   Level
 Magic Dart               Conj           0%         1d3       99%         1
 Sandblast                Erth           0%         2d4       99%         1
 Shock                    Conj/Air       0%         1d3       99%         1
 Slow                     Hex            0%         N/A       99%         1
 Call Imp                 Summ           0%         N/A       100%        2
 Confusing Touch          Hex            0%         N/A       100%        3
 Passwall                 Erth           0%         N/A       100%        3
 Sigil of Binding         Hex            0%         N/A       100%        3
 Stone Arrow              Conj/Erth      0%         3d7       100%        3
 Swiftness                Air            0%         N/A       100%        3
 Vampiric Draining        Necr           0%         2d6       100%        3
 Airstrike                Air            0%         2d(0-16)  100%        4
 Brom's Barrelling Bould  Conj/Erth      0%         2d3       100%        4


Dungeon Overview and Level Annotations

Branches:
Dungeon (5/15)             Temple (0/1) D:5

Annotations:
D:3 3 runed translucent doors, cforsyth's ghost, weakling DjWr
D:4 exclusion: phantom
D:5 exclusions: adder, bullfrog, howler monkey, 3 kobold brigands and kobold demonologist


Innate Abilities, Weirdness & Mutations

You have an increased reservoir of magic. (+10% MP)
You shall have no god before yourself.
Your divine heritage dramatically boosts your attributes as you level up.


Message History

* * * LOW HITPOINT WARNING * * *
The gnoll hits you with a +0 halberd.
* * * LOW HITPOINT WARNING * * *
Unknown command.
Unknown command.
Okay, then.
Unknown command.
Aiming: Polymorph
Press: ? - help, Shift-Dir - straight line, f - gnoll
Aim: a gnoll, wielding a +0 halberd (lightly wounded, will become a bombardier beetle, an endoplasm, or an orc, chance to affect: 64%)
Okay, then.
Unknown command.
Unknown command.
Unknown command.
Okay, then.
Okay, then.
Unknown command.
Unknown command.
Unknown command.
Hit: a) +0 mace
Press: ? - help, Dir - move target, f - gnoll
Aim: a gnoll, wielding a +0 halberd (lightly wounded, about 35% to evade your +0 mace)
Okay, then.
Unknown command.
Unknown command.
You hit the gnoll.
The gnoll is heavily wounded.
You block the gnoll's attack.
Unknown command.
Unknown command.
You barely miss the gnoll.
The gnoll is heavily wounded.
The gnoll hits you with a +0 halberd.
* * * LOW HITPOINT WARNING * * *
Unknown command.
Unknown command.
You hit the gnoll.
The gnoll is severely wounded.
The gnoll hits you with a +0 halberd!
You die...

. .....# .....
....#
#.#######....#
#.g..........+
#....#g##....#
.......#@##....#
###....#.<....##
#.##.######## #.
#. # #. #.


You could see a gnoll.

Vanquished Creatures
  3 gnolls
  4 adders
  2 dart slugs
  A ribbon worm (D:3)
  8 endoplasms
  2 giant cockroaches
  5 goblins
  5 hobgoblins
  A jackal (D:4)
  2 quokkas
  3 ball pythons
  2 ball python zombies (D:3)
  10 bats
  2 frilled lizards (D:2)
  2 kobolds (D:2)
  5 rats
57 creatures vanquished.

Notes
Turn   | Place    | Note
-------+----------+-------------------------------------------
     0 | D:5      | drugrobin the Demigod Delver began the quest for the Orb.
     0 | D:5      | Reached XP level 1. HP: 18/18 MP: 3/3
    89 | D:5      | Noticed a kobold demonologist
    89 | D:5      | Noticed a kobold brigand
    89 | D:5      | Noticed a kobold brigand
    89 | D:5      | Noticed a kobold brigand
   100 | D:5      | Found a staircase to the Ecumenical Temple.
   102 | D:5      | Noticed a howler monkey
   122 | D:5      | Reached skill level 1 in Evocations
   136 | D:5      | Noticed a bullfrog
   158 | D:5      | Noticed a jelly
   168 | D:4      | Reached XP level 2. HP: 12/25 MP: 4/4
   223 | D:4      | Noticed a phantom
   429 | D:1      | Reached XP level 3. HP: 30/30 MP: 5/5
  1364 | D:2      | Learned a level 2 spell: Blink
  1686 | D:3      | Found a runed translucent gate.
  1686 | D:3      | Found a runed translucent gate.
  1686 | D:3      | Found a runed translucent gate.
  1686 | D:3      | Noticed cforsyth's ghost (weakling DjWr)
  1742 | D:3      | Reached XP level 4. HP: 36/37 MP: 6/6
  2470 | D:4      | Mangled by a gnoll

Illustrated notes

Levels and vault maps discovered:
D:1:      dpeg_arrival_stonehenge_8_columns, layout_rooms,
          nicolae_figureground_pulse
D:2:      layout_basic
D:3:      layout_loops_cross, nicolae_yredelemnul_ghost_church, slow_altar_1
D:4:      black_bear_nest_1, layout_basic, nzn_wu_jian_contemplation,
          uniq_natasha
D:5:      kennysheep_windowed_halls, layout_basic, mainiacjoe_overflow_alcove_1,
          nicolae_vehumet_radiance, minmay_temple_entry_offerings,
          grunt_ministairs_11

Skill      XL: |  1  2  3 |
---------------+----------+-----
Maces & Flails | 2 3 |  3.5
Evocations     | 1 2 |  2.8
Fighting       | |  2.6
Dodging        | |  1.7
Stealth        | |  4.5

Action                     |  1- 3 |  4- 6 || total
---------------------------+-------+-------++-------
  Melee: Mace              |   121 |    45 ||   166
         Punch             |     1 |       ||     1
   Fire: Sling             |    23 |     4 ||    27
  Throw: Javelin           |       |     1 ||     1
  Evoke: Wand              |     5 |       ||     5
    Use: Scroll            |     2 |       ||     2
   Stab: Sleeping          |     1 |       ||     1
 Armour: Leather armour    |    21 |       ||    21
         Chain mail        |   120 |    34 ||   154
  Dodge: Dodged            |    80 |    21 ||   101
  Block: Buckler           |     6 |     2 ||     8

Table legend: (Time is in decaauts)
 A = Elapsed time spent in this place.
 B = Non-inter-level travel time spent in this place.
 C = Inter-level travel time spent in this place.
 D = Time resting spent in this place.
 E = Time spent auto-exploring this place.
 F = Levels seen in this place.
 G = Mean time per level.
                   A        B        C        D        E       F      G
               +--------+--------+--------+--------+--------+-----+--------+
         Total |   2533 |   2436 |     97 |    239 |   1406 |   5 |  506.6 |
       Dungeon |   2533 |   2436 |     97 |    239 |   1406 |   5 |  506.6 |
               +--------+--------+--------+--------+--------+-----+--------+

Top non-repeatable levels by time:
     D:3: 1055 daAuts
     D:2: 646 daAuts
     D:1: 530 daAuts
     D:5: 161 daAuts
     D:4: 140 daAuts
